 Dungeon Crawl Stone Soup version 0.30-a0-335-ge5acde7520 (webtiles) character file.

Game seed: 3815230944490544644

1108 p00ps00p the Fighter (level 8, -1/83 HPs)
             Began as a Hill Orc Fighter on Oct 31, 2022.
             Slain by an orc warrior
             ... wielding a +0 glaive
              (10 damage)
             ... on level 5 of the Dungeon.
             The game lasted 00:13:31 (5759 turns).

p00ps00p the Fighter (Hill Orc Fighter)             Turns: 5759, Time: 00:13:31

Health: -1/83      AC:  2    Str: 19    XL:     8   Next: 33%
Magic:  8/8        EV: 10    Int: 14    God:
Gold:   241        SH: 10    Dex: 18    Spells: 7/7 levels left

rFire   + + .      SeeInvis +    a - +0 war axe
rCold   . . .      Faith    .    c - +0 buckler
rNeg    + . .      Spirit   .    u - +3 leather armour {rPois}
rPois   +          Reflect  +    (no helmet)
rElec   .          Harm     .    (no cloak)
rCorr   .          Rampage  .    (no gloves)
Will    .....                    (no boots)
Stlth   +.........               o - amulet of reflection
HPRegen 0.33/turn                h - +6 ring of intelligence
MPRegen 0.11/turn                p - ring "Xoed" {*Corrode rF++ rN+ Dex+6 SInv}

@: corroded, hasted, very quick
A: no striking features
a: Convert to Beogh


You were on level 5 of the Dungeon.
You visited 1 branch of the dungeon, and saw 5 of its levels.

You collected 241 gold pieces.

Inventory:

Hand Weapons
 a - a +0 war axe (weapon)
Armour
 b - a +1 scale mail
 c - a +0 buckler (worn)
 s - a +0 plate armour
 u - a +3 leather armour of poison resistance (worn)
Jewellery
 h - a +6 ring of intelligence (left hand)
 o - an amulet of reflection (around neck)
 p - the ring "Xoed" (right hand) {*Corrode rF++ rN+ Dex+6 SInv}
   (You found it on level 5 of the Dungeon)

   [ring of dexterity]

   Dex:       It affects your dexterity (+6).
   rF:        It greatly protects you from fire.
   rN:        It protects you from negative energy.
   SInv:      It lets you see invisible.
   *Corrode:  It may corrode you when you take damage.
Wands
 f - a wand of paralysis (14)
 j - a wand of mindburst (5)
 k - a wand of flame (14)
Scrolls
 g - a scroll of identify
 v - a scroll of poison {unknown}
Potions
 d - a potion of might
 e - a potion of magic
 l - a potion of mutation
 m - a potion of degeneration {unknown}
 n - a potion of attraction {unknown}
 r - a potion of berserk rage {unknown}
 t - a potion of brilliance {unknown}


   Skills:
 + Level 11.9 Fighting
 - Level 2.6 Axes
 - Level 3.2 Armour
 - Level 3.2 Shields


You had 7 spell levels left.
You didn't know any spells.
Your spell library contained the following spells:

 Spells                   Type           Power      Damage    Failure   Level
 Sandblast                Erth           0%         2d4       41%         1
 Passwall                 Tmut/Erth      0%         N/A       56%         2
 Stone Arrow              Conj/Erth      0%         3d7       80%         3
 Alistair's Intoxication  Tmut/Pois      0%         N/A       100%        5
 Borgnjor's Vile Clutch   Necr/Erth      0%         N/A       100%        5
 Fireball                 Conj/Fire      0%         3d3       100%        5
 Iskenderun's Battlesphe  Conj           0%         2d6       100%        5
 Summon Forest            Summ/Tloc      0%         N/A       100%        5
 Summon Mana Viper        Hex/Summ       0%         N/A       100%        5
 Conjure Ball Lightning   Conj/Air       0%         3x3d6     100%        6
 Eringya's Noxious Bog    Tmut/Pois      0%         N/A       100%        6
 Summon Cactus Giant      Summ           0%         N/A       100%        6
 Orb of Destruction       Conj           0%         9d5       100%        7


Dungeon Overview and Level Annotations

Branches:
Dungeon (5/15)
 Temple: D:4-7

Altars:
Kikubaaqudgha
Ru
Trog

Shops:
D:4 [


Message History

You closely miss the orc warrior. You block the orc warrior's attack.
The orc warrior hits you with a +0 dire flail.
The orc warrior hits you with a +0 flail!
You hit the orc warrior.
The orc warrior is heavily wounded.
You hit the orc warrior but do no damage.
You block the orc warrior's attack. x2
You hit the orc warrior but do no damage.
The orc warrior is heavily wounded.
You hit the orc warrior but do no damage.
You block the orc warrior's attack.
The orc warrior hits you with a +0 flail!
You block the orc warrior's attack. The orc warrior closely misses you.
You hit the orc warrior.
The orc warrior is severely wounded.
You closely miss the orc warrior. The orc warrior barely misses you.
The orc warrior hits you with a +0 flail!
You hit the orc warrior.
The orc warrior is severely wounded.
You hit the orc warrior. You block the orc warrior's attack. x2
The orc warrior barely misses you.
The orc priest calls down the wrath of Beogh upon you.
Beogh smites you!
* * * LOW HITPOINT WARNING * * *
The orc warrior barely misses you.
An iguana comes into view.
The orc warrior hits you with a +0 dire flail.
* * * LOW HITPOINT WARNING * * *
The iguana hisses angrily.
You feel much better.
The orc warrior hits you with a +0 flail.
Your corrosive artefact corrodes you!
You block the orc warrior's attack.
The orc warrior hits you from afar with a +0 glaive!
* * * LOW HITPOINT WARNING * * *
You feel yourself speed up.
The orc warrior hits you with a +0 flail!
* * * LOW HITPOINT WARNING * * *
You block the orc warrior's attack.
The orc warrior hits you from afar with a +0 glaive!
You die...

#>#..##...#
#.##.#.....
##..........
#.#.#.#.....
#############
###........o
##8..8..8?.8.
###ooo........o
#@oooo.l......o
#o#ooo........o
#.##8..8..8..8o
#.####.........
#.##
#############
#..# #.. ##.#
#.. #.# #..
#.###########
#..


You could see 3 orc warriors, an iguana, an orc priest, an orc wizard
(invisible) and 6 orcs.

Vanquished Creatures
  Edmund (D:5)
  2 ogres (D:4)
  A phantom (D:5)
  2 scorpions
  3 hounds (D:5)
  4 jellies
  2 orc priests (D:5)
  6 orc wizards
  An iguana (D:4)
  9 adders
  2 river rats (D:4)
  2 ufetubi
  4 worms
  2 dart slugs
  21 orcs
  6 ball pythons
  5 bats
  4 endoplasms
  A giant cockroach (D:2)
  6 goblins
  4 hobgoblins
  2 kobolds
  5 quokkas
  2 frilled lizards (D:3)
  4 rats
101 creatures vanquished.

Notes
Turn   | Place    | Note
-------+----------+-------------------------------------------
     0 | D:1      | p00ps00p the Hill Orc Fighter began the quest for the Orb.
     0 | D:1      | Reached XP level 1. HP: 19/19 MP: 1/1
   173 | D:1      | Reached skill level 4 in Fighting
   250 | D:1      | Reached XP level 2. HP: 25/27 MP: 2/2
  1186 | D:3      | Reached XP level 3. HP: 35/35 MP: 3/3
  1209 | D:3      | Reached skill level 5 in Fighting
  1240 | D:3      | Found a faded altar of an unknown god.
  1525 | D:3      | Noticed a scorpion
  1536 | D:3      | Killed a scorpion
  1537 | D:3      | Reached skill level 6 in Fighting
  1537 | D:3      | Reached XP level 4. HP: 37/45 MP: 4/4
  1689 | D:3      | Reached skill level 7 in Fighting
  1689 | D:3      | Reached XP level 5. HP: 45/52 MP: 5/5
  2364 | D:4      | Found a sacrificial altar of Ru.
  2375 | D:4      | Reached XP level 6. HP: 61/61 MP: 6/6
  2491 | D:4      | HP: 3/61 [poisoned by an adder]
  2736 | D:4      | Reached skill level 8 in Fighting
  2906 | D:4      | Found a bloodstained altar of Trog.
  3347 | D:4      | Found Etzuc's Antique Armour Shop.
  3377 | D:4      | Reached skill level 9 in Fighting
  3377 | D:4      | Reached XP level 7. HP: 51/70 MP: 7/7
  4020 | D:5      | Entered Level 5 of the Dungeon
  4024 | D:5      | Noticed Edmund
  4036 | D:5      | Found an ancient bone altar of Kikubaaqudgha.
  4039 | D:5      | HP: 3/71 [poisoned by Edmund]
  4227 | D:5      | Reached skill level 10 in Fighting
  4369 | D:5      | Identified the ring "Xoed" {*Corrode rF++ rN+ Dex+6 SInv}
  4625 | D:5      | Killed Edmund
  4626 | D:5      | Reached skill level 11 in Fighting
  4626 | D:5      | Reached XP level 8. HP: 55/82 MP: 8/8
  5260 | D:5      | Found a runed translucent door.
  5759 | D:5      | Slain by an orc warrior

Illustrated notes

Levels and vault maps discovered:
D:1:      nzn_arrival_water_spiral, layout_rooms, kennysheep_minor_cross
D:2:      layout_basic, kennysheep_generic_room_7
D:3:      layout_basic, ebering_ecumenical_altar_hall
D:4:      layout_cave_pods, mainiacjoe_overflow_small_starburst,
          lemuel_crystal_altar, lightli_sewer_entry_pipes, nicolae_stop_n_shop_1
D:5:      layout_loops_ring, mainiacjoe_overflow_catwalk,
          lightli_church_of_beogh, uniq_edmund

Skill      XL: |  1  2  3  4  5  6  7 |
---------------+----------------------+-----
Fighting       | 4 6 7 9 11 | 11.9
Axes           | |  2.6
Armour         | |  3.2
Shields        | |  3.2

Action                   |  1- 3 |  4- 6 |  7- 9 || total
-------------------------+-------+-------+-------++-------
Melee: War axe           |    73 |    87 |   170 ||   330
Evoke: Wand              |       |       |    10 ||    10
  Use: Scroll            |     9 |     4 |     3 ||    16
       Potion            |       |     1 |     4 ||     5
Armor: Scale mail        |    56 |    26 |    12 ||    94
       Leather armour    |       |       |    48 ||    48
Dodge: Dodged            |    40 |    35 |    80 ||   155
Block: Buckler           |    17 |    46 |   103 ||   166

Table legend: (Time is in decaauts)
 A = Elapsed time spent in this place.
 B = Non-inter-level travel time spent in this place.
 C = Inter-level travel time spent in this place.
 D = Time resting spent in this place.
 E = Time spent auto-exploring this place.
 F = Levels seen in this place.
 G = Mean time per level.
                   A        B        C        D        E       F      G
               +--------+--------+--------+--------+--------+-----+--------+
         Total |   5927 |   5780 |    147 |   1416 |   3324 |   5 | 1185.4 |
       Dungeon |   5927 |   5780 |    147 |   1416 |   3324 |   5 | 1185.4 |
               +--------+--------+--------+--------+--------+-----+--------+

Top non-repeatable levels by time:
     D:5: 1791 daAuts
     D:4: 1694 daAuts
     D:3: 1184 daAuts
     D:2: 775 daAuts
     D:1: 481 daAuts
